Cogmind - Beta 11 @@@ ROGUE MODE // 2022.03.31 @ 17:29:18 Player: John1001 Result: Destroyed by G-34 Mercenary with Small Laser Performance ------------- Evolutions (0) 0 Regions Visited (2) 400 Robots Destroyed (15) 75 Value Destroyed (333) 333 Prototype IDs (0) 0 Alien Tech Used (0) 0 Bonus (0) 0 TOTAL SCORE: 808 Bonus ------- None Cogmind --------- Core Integrity 0/250 Matter 288/300 Energy 208/250 System Corruption 0% Temperature Cool (15) Movement Core (450) Ox8 Location -10/Mines Parts ------- > --- POWER (1) -------- Ion Engine > --- PROPULSION (2) --- (None) > --- UTILITY (2) ------ Large Storage Unit Signal Interpreter > --- WEAPON (2) ------- Light Assault Rifle > --- INVENTORY (15) --- Light Ion Engine Light Nuclear Core Hover Unit Hover Unit Flight Unit Flight Unit Small Storage Unit Structural Scanner Sensor Array Sensor Array Terrain Scanner Core Shielding Light Assault Rifle Peak State ------------ > --- POWER ------------ Ion Engine > --- PROPULSION ------- Aluminum Leg Aluminum Leg > --- UTILITY ---------- Large Storage Unit Sensor Array > --- WEAPON ----------- Light Assault Rifle Hammer > --- INVENTORY -------- Ion Engine Light Nuclear Core Light Treads Light Treads Aluminum Leg Compact Wheel Compact Wheel Small Storage Unit Light Assault Rifle Light Assault Rifle Light Cannon [Rating: 8] Favorites ----------- Power Ion Engine Engine Ion Engine Propulsion Aluminum Leg Treads Light Treads Leg Aluminum Leg Wheel Compact Wheel Utility Large Storage Unit Device Sensor Array Storage Large Storage Unit Processor Signal Interpreter Weapon Light Assault Rifle Ballistic Gun Light Assault Rifle Ballistic Cannon Light Cannon Impact Weapon Hammer Build | -11 -10 -10 ------- Run | Scr Mat Min Slots Evolved . | . . . Power . | . . . Propulsion . | . . . Utility . | . . . Weapon . | . . . Parts Attached 20 | 6 10 4 Power 2 | 1 . 1 Engine 2 | 1 . 1 Core . | . . . Reactor . | . . . Propulsion 7 | 2 5 . Treads 1 | . 1 . Leg 4 | 2 2 . Wheel 2 | . 2 . Hover . | . . . Flight . | . . . Utility 4 | 1 3 . Device 1 | . 1 . Storage 2 | 1 1 . Processor 1 | . 1 . Hackware . | . . . Protection . | . . . Artifact . | . . . Weapon 7 | 2 2 3 Energy Gun . | . . . Energy Cannon . | . . . Ballistic Gun 4 | 2 . 2 Ballistic Cannon 1 | . 1 . Launcher . | . . . Special Weapon . | . . . Impact Weapon 2 | . 1 1 Slashing Weapon . | . . . Piercing Weapon . | . . . Special Melee Weapon . | . . . Unidentified Prototypes . | . . . Parts Lost 9 | . 4 5 Power 1 | . . 1 Propulsion 5 | . 3 2 Utility . | . . . Weapon 3 | . 1 2 Highest Loss Streak 5 | . 4 5 To Critical Strikes . | . . . Average Slot Usage (%) 94 | . 93 95 Engine 13 | . 14 12 Leg 13 | . 21 . Wheel 13 | . 5 26 Device 3 | . 6 . Storage 14 | . 14 14 Processor 6 | . 2 14 Ballistic Gun 11 | . 14 8 Ballistic Cannon 6 | . 3 12 Impact Weapon 8 | . 10 6 Naked Turns . | . . . Heaviest Build 31 | 12 31 30 Greatest Support 32 | 20 32 32 Greatest Overweight (x) 2 | 2 1 1 Average Overweight (x) . | . . . Largest Inventory Capacity 15 | 8 15 15 Average Capacity 14 | 6 14 15 Most Carried 15 | 6 15 15 Average Carried 12 | 3 11 14 Final Capacity 15 | 8 15 15 Final Carried 15 | 6 15 13 Class Distribution -------------------- 100% | Mutant Dominant Class ---------------- Mutant | -10/Materials Mutant | -10/Mines Resources | -11 -10 -10 ----------- Run | Scr Mat Min Matter Collected 425 | 228 173 24 Remotely . | . . . Salvage Created 420 | . 300 120 Parts 28 | . 23 5 Haulers Intercepted . | . . . Recyclers Shooed . | . . . Parts Field Recycled . | . . . Retrieved Matter . | . . . Parts Self-Destructed . | . . . Prevented . | . . . Kills | -11 -10 -10 ------- Run | Scr Mat Min Combat Hostiles Destroyed 10 | . 7 3 Melee 5 | . 2 3 Guns 2 | . 2 . Cannons 3 | . 3 . Classes Destroyed 8 | . 6 2 Builder 2 | . 2 . Tunneler 1 | . . 1 Mechanic 1 | . 1 . Operator 1 | . 1 . Watcher 1 | . 1 . Swarmer 2 | . 2 . Grunt 7 | . 5 2 Assembled 1 | . . 1 Best Kill Streak 3 | . 3 2 Combat Bots Only 3 | . 3 1 Max Kills in Single Turn 1 | . 1 1 Gunslinging . | . . . Exploded . | . . . Melee 1 | . 1 1 Uniques/NPCs Destroyed . | . . . Combat | -11 -10 -10 -------- Run | Scr Mat Min Damage Taken 1123 | . 560 563 Core 256 | . 116 140 Absorbed by Shields . | . . . Core Remaining (%) 100 | 100 . . Volleys Fired 30 | . 27 3 Largest 2 | . 2 1 Hottest 40 | . 40 35 Shots Fired 43 | . 40 3 Gun 35 | . 33 2 Cannon 8 | . 7 1 Launcher . | . . . Special . | . . . Kinetic 43 | . 40 3 Thermal . | . . . Explosive . | . . . Electromagnetic . | . . . Robot Hit Streak 6 | . 6 1 Robot Miss Streak 3 | . 3 1 Penetration Max . | . . . Secondary Targets . | . . . Shots Hit Robots 62 | . 41 21 Core Hits 20 | . 16 4 Critical Kills 2 | . 1 1 Critical Parts Destroyed 3 | . 2 1 Critical Strikes 6 | . 4 2 Blast 1 | . 1 . Smash 5 | . 3 2 Melee Attacks 82 | . 33 49 Impact 82 | . 33 49 Slashing . | . . . Piercing . | . . . Sneak Attacks 5 | . 4 1 Combat Hostiles . | . . . Follow-up Attacks . | . . . Damage Inflicted 1102 | . 673 429 Guns 170 | . 163 7 Cannons 92 | . 92 . Explosions . | . . . Melee 840 | . 418 422 Ramming . | . . . Kinetic 262 | . 255 7 Thermal . | . . . Explosive . | . . . Electromagnetic . | . . . Impact 840 | . 418 422 Slashing . | . . . Piercing . | . . . Highest Corruption . | . . . Average Corruption . | . . . Corruption Purged . | . . . Corruption Blocked . | . . . Overload Shots . | . . . Overflow Damage 120 | . 75 45 Projectiles . | . . . Explosions . | . . . Melee 120 | . 75 45 Knockbacks 4 | . 3 1 Impact 3 | . 2 1 Kinetic 1 | . 1 . Secondary . | . . . Self-Inflicted Damage . | . . . Shots . | . . . Rammed . | . . . Targets Rammed . | . . . Kicked . | . . . Crushed . | . . . Highest Temperature 18 | . 18 9 Average Temperature 9 | . 9 6 Received Heat Transfer 528 | . 204 324 Siege Activations . | . . . Robots Corrupted . | . . . Combat Hostiles . | . . . Parts Fried 6 | . 5 1 Impact Corruptions 7 | . 5 2 Robots Melted . | . . . Combat Hostiles . | . . . Parts Melted . | . . . Heat Transferred . | . . . Parts Sabotaged . | . . . Parts Stolen . | . . . Parts Stripped . | . . . Power Chain Reactions . | . . . Missiles Intercepted . | . . . Alert | -11 -10 -10 ------- Run | Scr Mat Min Peak Influence 169 | . 169 117 Initial 51 | . . 51 Average 70 | . 81 65 Maximum Alert Level . | . . . Low Security (%) 100 | 100 100 100 Level 1 . | . . . Level 2 . | . . . Level 3 . | . . . Level 4 . | . . . Level 5 . | . . . High Security . | . . . Max Security . | . . . Squads Dispatched 4 | . 4 . Investigation 2 | . 2 . Extermination . | . . . Reinforcement 2 | . 2 . Assault . | . . . Garrison . | . . . Intercept . | . . . Searches Triggered . | . . . Construction Impeded . | . . . Haulers Reinforced . | . . . Active Scanning Responses . | . . . Cargo Convoy Interrupts . | . . . Stealth | -11 -10 -10 --------- Run | Scr Mat Min Distress Signals . | . . . Communications Jammed . | . . . Distress Signals . | . . . Times Spotted 22 | . 16 6 Peak Tracking Total 7 | . 7 3 Tactical Retreats 5 | . 5 . Traps | -11 -10 -10 ------- Run | Scr Mat Min Traps Triggered 2 | . 2 . Indirectly . | . . . Trap Hack Attempts . | . . . Triggered . | . . . Disarmed . | . . . Reprogrammed . | . . . Reused . | . . . Traps Extracted . | . . . Installed . | . . . Triggered . | . . . Machines | -11 -10 -10 ---------- Run | Scr Mat Min Machines Disabled . | . . . Max in Single Turn . | . . . Machines Sabotaged . | . . . Garrisons Compromised . | . . . Overloaded Fab Kills . | . . . Hacking | -11 -10 -10 --------- Run | Scr Mat Min Machines Accessed 3 | . 3 . Terminals 1 | . 1 . Fabricators . | . . . Repair Stations . | . . . Recycling Units 2 | . 2 . Scanalyzers . | . . . Garrison Access . | . . . Total Hacks 11 | . 11 . Successful 6 | . 6 . Failed 5 | . 5 . Catastrophic . | . . . Database Lockouts . | . . . Manual 2 | . 2 . Terminals 5 | . 5 . Fabricators . | . . . Repair Stations . | . . . Recycling Units 6 | . 6 . Scanalyzers . | . . . Garrison Access . | . . . Terminal Hacks 3 | . 3 . Emergency Access Points 1 | . 1 . Locate Traps 1 | . 1 . Registered Components 1 | . 1 . Fabricator Hacks . | . . . Repair Station Hacks . | . . . Recycling Unit Hacks 3 | . 3 . Report Inventory 2 | . 2 . Retrieve Components 1 | . 1 . Scanalyzer . | . . . Garrison Access Hacks . | . . . Unauthorized Hacks . | . . . Terminals . | . . . Fabricators . | . . . Repair Stations . | . . . Recycling Units . | . . . Scanalyzers . | . . . Garrison Access . | . . . Data Cores Recovered . | . . . Used . | . . . Hacking Detections 3 | . 3 . Full Trace Events . | . . . Feedback Events . | . . . Feedback Blocked . | . . . Robot Schematics Acquired . | . . . Robots Built . | . . . Authchips . | . . . Time . | . . . Total Robot Build Rating . | . . . Part Schematics Acquired . | . . . Parts Built . | . . . Authchips . | . . . Time . | . . . Total Part Build Rating . | . . . Parts Repaired . | . . . Time . | . . . Parts Recycled . | . . . Recycled Matter . | . . . Retrieved Matter . | . . . Retrieved Components 7 | . 7 . Parts Scanalyzed . | . . . Part Schematics Acquired . | . . . Parts Damaged . | . . . Bothacking | -11 -10 -10 ------------ Run | Scr Mat Min Used RIF Installer . | . . . Robots Hacked . | . . . Non-combat . | . . . Combat . | . . . Robot Hacks Applied . | . . . Relay Couplers Released . | . . . Fabnet Peak Effective % . | . . . Robots Rewired . | . . . Allies Hacked . | . . . Hacks Repelled . | . . . Allies | -11 -10 -10 -------- Run | Scr Mat Min Total Allies . | . . . Largest Group . | . . . Highest-Rated Group . | . . . Highest-Rated Ally . | . . . Total Orders . | . . . Ally Attacks . | . . . Total Damage . | . . . Kills . | . . . Allies Corrupted . | . . . Allies Melted . | . . . Intel | -11 -10 -10 ------- Run | Scr Mat Min Robot Analysis Total . | . . . Derelict Logs Recovered . | . . . Drone Launches . | . . . Drone Recoveries . | . . . Exploration | -11 -10 -10 ------------- Run | Scr Mat Min Turns Passed 1030 | 68 590 372 Spaces Moved 484 | 46 230 208 Core 7 | 7 . . Treads . | . . . Legs 182 | 39 143 . Wheels 295 | . 87 208 Hover . | . . . Flight . | . . . Fastest Speed 50 | 50 100 100 Average Speed 126 | 115 153 100 Slowest Speed 190 | 150 190 115 Overloaded Moves . | . . . Propulsion Burnouts . | . . . Robots Hopped . | . . . Cave-ins Triggered . | . . . Exploration Rate (%) 34 | 4 51 49 Regions Visited 2 Branch Regions 1 Pre-discovered Areas . | . . . Known Exits Taken 1 | . 1 . Unknown Exits Taken 1 | 1 . . Scrap Searched . | . . . Spaces Dug 6 | . 4 2 Terrain Destroyed 6 | . 4 2 Melee 6 | . 4 2 Projectile . | . . . AOE . | . . . Terrain Rammed . | . . . Walls Destroyed . | . . . Machines Disabled . | . . . Actions | -11 -10 -10 --------- Run | Scr Mat Min Total 714 | 57 374 283 Wait 78 | . 59 19 Move 482 | 45 229 208 Hop . | . . . Pick Up 19 | 6 13 . Fast Attach 8 | 6 2 . Attach 6 | . 4 2 Detach 1 | . 1 . Swap 6 | . 4 2 Drop 2 | . 2 . Fire 30 | . 27 3 Melee 82 | . 33 49 Ram . | . . . Kick . | . . . Crush . | . . . Escape Stasis . | . . . Rewire . | . . . Trap . | . . . Miscellaneous . | . . . Route ------- -11/Scrapyard -10/Materials (discovered 3 exits: *Mat / *Min x2) -10/Mines (discovered 1 exit: *Mat) History --------- Turn | Location | Event 25 | -11/Scrapyard | Discovered new exit (range 16) 69 | -11/Scrapyard | Entered Materials 206 | -10/Materials | Discovered new exit (range 15) 257 | -10/Materials | Discovered new exit (range 12) 307 | -10/Materials | Build established: Mutant 448 | -10/Materials | Discovered new exit (range 15) 558 | -10/Materials | Lost 4 parts (3n1w) 561 | -10/Materials | Identified exit to Materials 632 | -10/Materials | Identified exit to Mines 659 | -10/Materials | Entered Mines 752 | -10/Mines | Discovered exit to Materials (range 7) 860 | -10/Mines | Excavation squad dispatched 860 | -10/Mines | A large section of the Mines collapsed 898 | -10/Mines | Core integrity fell below 50% 1013 | -10/Mines | Core integrity fell below 20% 1031 | -10/Mines | Destroyed by G-34 Mercenary with Small Laser Last Messages --------------- 00976_ T-07 Excavator is excavating. 00980_ U-05 Engineer lays Concrete. 00983_ Ion Engine destroyed. 00986_ T-07 Excavator is excavating. 00986_ G-47 Trooper knocked back. 00986_ U-05 Engineer lays Concrete. 00988_ T-07 Excavator is excavating. 00988_ U-05 Engineer lays Concrete. 00989_ T-07 Excavator is excavating. 00990_ U-05 Engineer lays Concrete. 00993_ T-07 Excavator is excavating. 00994_ U-05 Engineer lays Concrete. 00996_ Lgt. Cannon destroyed. 00998_ T-07 Excavator is excavating. 00998_ Com. Wheel destroyed. 00998_ T-07 Excavator is excavating. 00999_ U-05 Engineer lays Concrete. 01006_ Critical hit (Burn: +37). 01027_ Com. Wheel destroyed. 01028_ Hammer destroyed. Map ----- +----------------------------------------------------+ | ## #?????# ??????# ##????# ##? | | ## #?????# ??????## ##?????# ### | | """ """ ## #?????#????????#### ####??????# | | """ """ ## #####?????????????# #?????????##### | | """ """ ## #?????????????# #?????????????? | | ## ### #?????????????# #######???????# | | "" """ """ ## #?? ??#???????????# #?????### | | "" """ """ ## #?? ## ???????????# ##### ####### | | "" """ """ ### ???????????# #???# | | ##### ???????????# #???######## | | "" """ """ #??? ????????????# #??????????## | | "" """ """ #??? ????????????# #???????????### | | "" """ """ #??? ????????????# #?????????????? | | #??? ???????????### #?????????????? | | ###### ######???# ???????????# #?????????????? | | ?????# #????????# #???????????# ###?????????????? | | ?????# #????????# #?########### #???????????????? | | ?????# #????????# #?# #???????????????? | | ?????# ????????# #?# ###########???????????????? | | ?????###??????### ### #?????????????????????????? | | ?????????# #### #?????????????????????????? | | ?????????# #####?###?????????????????????? | | ?????????# ##"####;##????????????????????? | | ?????????#### ##"# ###????????????????????? | | ????????????# # "####g# #????????????????????? | | ????????????## ### ###@##?????????????????????? | | ?????????????## # *g ##?????????????????????? | | ??????????????## ##" %g###??????????????????????? | | ???????????????###### ##????????????????????????? | | ????????????????????#;%#?????????????????????????? | | ????????????????????# %#?????????????????????????? | | ????????????????????# ?????????????????????????? | | ????????????????????# ????????????????????????? | | ????????????????????### #???????????????????????? | | ??????????????????????? #???????????????????????? | | ??????????????????????? #???????????????????????? | | ??????????????????????? #???????????????????????? | | ??????????????????????? ##???????????????????????? | | ??????????????????????? ????????????????????????? | | ??????????????????????? ????????????????????????? | | ??????????????????????? ????????????????????????? | | ???????????????????????? ????????????????????????? | | ???????????????????????? ????????????????????????? | | ???????????????????????? ????????????????????????? | | ???????????????????????? ????????????????????????? | | ?????????????????????????????????????????????????? | | ?????????????????????????????????????????????????? | | ?????????????????????????????????????????????????? | | ?????????????????????????????????????????????????? | | ?????????????????????????????????????????????????? | +----------------------------------------------------+ Best States ------------- Heat Dissipation 25 Energy Generation 10 Energy Capacity 250 Matter Stores 300 Matter Capacity 300 Sight Range 16 Robot Scan Range 14 Terrain Scan Density 10 Evasion (%) 55 Item Schematics ----------------- None Robot Schematics ------------------ None Fabricated ------------ Nothing Alien Tech Used ----------------- None Achievements -------------- None Challenges ------------ None Game ------ Seed GyrokineticOmegaNetwork Manual? 0 Play Time 00:22:34 Cumulative 51.3 hours Start 2022.03.31 @ 17:04:58 End 2022.03.31 @ 17:29:18 Sessions 1 Manual Loads 0 Difficulty Rogue Special Mode None Game No. 21 Rogue 18 Adventurer 0 Explorer 3 Win Type - Total 0 Types 0/0/0/0/0/0/0/0/0 Lore% 46 Gallery% 38 Achievement% 37 Wizard Run 0 Options --------- ASCII 0 Keyboard 1 Movement Numpad Keybinds 0 Fullscreen 2 Font 20/Terminus Map View 98x62 Tactical HUD 1 Map Filters NONE Filters NONE Steam 1 RUN: 277f4d9b-07df-4c1f-86f7-3b3a74fef595